cohdb
Replays
Latest Replays
All Replays
Popular Replays
Top Player Replays
Match Explorer
How It Works
Community
CoH3 Stats
Reddit
Sign in to upload your games and track your stats! →
Sign in with Steam
Match 45435768
Unlisted
Match 45435768
Overview
Messages
Build Orders
End
Construct Barracks
Selects Airborne Battlegroup
Selects Heavy Machine Gun Paradrop
Heavy Machine Gun Paradrop
Riflemen Squad
Heavy Machine Gun Paradrop
Riflemen Squad
Selects Paratrooper Squad Paradrop
Paratrooper Squad Paradrop
Paratrooper Squad Paradrop
Riflemen Squad
Infantry Support Center
Grenade Package
Advanced Logistics
M1918 Browning Automatic Rifles
Selects Anti-tank Gun Team Paradrop
Selects Smoke Bombing Run
Construct Tank Depot
M4A1 Sherman Medium Tank
Selects Supply Drop
Construct Medical Station
M4A1 Sherman Medium Tank
Selects Dual P-47 Rocket Strike
Dual P-47 Rocket Strike
Dual P-47 Rocket Strike
mosq1234w
Zachary
0
0
Comments
sign in to comment!
No comments posted yet!